 Dungeon Crawl Stone Soup version 0.27-a0-1579-g97d2440184 (webtiles) character file.

Game seed: 13321102404454519838

616 Demosthentine the Poker (level 7, -2/55 HPs)
             Began as a Merfolk Gladiator on July 17, 2021.
             Slain by a killer bee (6 damage)
             ... on level 4 of the Dungeon.
             The game lasted 00:06:07 (5078 turns).

Demosthentine the Poker (Merfolk Gladiator)         Turns: 5078, Time: 00:06:07

Health: -2/55      AC:  6    Str: 16    XL:     7   Next: 45%
Magic:  7/7        EV: 15    Int:  7    God:
Gold:   234        SH:  0    Dex: 16    Spells: 6/6 levels left

rFire    . . .     SeeInvis .   a - +0 trident
rCold    . . .     Faith    .   (no shield)
rNeg     . . .     Spirit   .   b - +0 leather armour
rPois    .         Reflect  .   c - +1 helmet
rElec    .         Harm     .   (no cloak)
rCorr    .         Rampage  .   h - +0 pair of gloves
Will     .....                  (no boots)
Stlth    +.........             (no amulet)
HPRegen  0.18/turn              (no ring)
MPRegen  0.10/turn              (no ring)

@: lethally poisoned (-2 -> -7)
A: (nimble swimmer 2), mertail
a: no special abilities


You were on level 4 of the Dungeon.
You visited 1 branch of the dungeon, and saw 4 of its levels.

You collected 234 gold pieces.

Inventory:

Hand Weapons
 a - a +0 trident (weapon)
Missiles
 d - 2 throwing nets (quivered)
Armour
 b - a +0 leather armour (worn)
 c - a +1 helmet (worn)
 h - a +0 pair of gloves (worn)
Scrolls
 g - a scroll of identify
 i - a scroll of blinking {unknown}
 j - a scroll of vulnerability {unknown}
 l - 2 scrolls of amnesia
Potions
 e - 2 potions of flight
 f - a potion of mutation {unknown}
 k - a potion of curing {unknown}


   Skills:
 + Level 4.7 Fighting
 + Level 7.1 Polearms
 - Level 2.0 Throwing
 + Level 2.6 Armour
 + Level 6.4 Dodging


You had 6 spell levels left.
You didn't know any spells.
Your spell library was empty.

Dungeon Overview and Level Annotations

Branches:
Dungeon (4/15)
 Temple: D:4-7

Altars:

Annotations:
D:4 Blork the orc


Innate Abilities, Weirdness & Mutations

((You are quick and stealthy near water. (Stealth+, EV+, Speed+++)))
Your lower body shifts to a powerful aquatic tail in water.


Message History

The killer bee stings you.
You are more poisoned.
The killer bee poisons you!
You feel very sick. The killer bee barely misses you.
You feel very sick. The killer bee closely misses you.
The adder skeleton misses you.
You feel sick. The killer bee closely misses you.
There is an escape hatch in the ceiling here.
You feel sick.
The killer bee stings you but does no damage.
You feel sick. The killer bee closely misses you.
You feel sick. The killer bee barely misses you.
You feel sick. The killer bee closely misses you.
You feel sick. The killer bee closely misses you.
The killer bee stings you but does no damage.
You feel sick. The killer bee completely misses you.
You are too injured to fight recklessly!
You are too injured to fight recklessly!
You are too injured to fight recklessly!
You are too injured to fight recklessly!
You are too injured to fight recklessly!
You miss the killer bee.
You feel sick.
You are no longer poisoned.
The killer bee misses you. The killer bee barely misses you.
You miss the killer bee. The killer bee stings you. x2
You are poisoned.
The killer bee poisons you!
You barely miss the killer bee.
You feel very sick. The killer bee stings you.
* * * LOW HITPOINT WARNING * * *
The killer bee stings you.
* * * LOW HITPOINT WARNING * * *
You barely miss the killer bee.
You feel sick. The killer bee closely misses you.
You barely miss the killer bee.
You feel sick. The killer bee stings you!
* * * LOW HITPOINT WARNING * * *
The killer bee stings you.
You die...

...#.# #..# #.#.## #.##.# #..#
#.#.# #.##.####### #..# #.#.#
##.........>. #..## #.#.#
##.##.###########.<##(######.#.#
...##..........##..##.#......#.#
#####.########.##..............#
# #†# #.###Z####.#.##)###
#.###### #..@yo# #.#.##.#
#......# #..#### #.#)##.#### ###
#.####.###..# #.#.##..†.. ..#
#...........# #.#.####### #.#
######.####.# #)#.# #.# #.# #.#
#.#.# ..## #.# #.# #.#.# ...#
#.# ##.#######.#.####### ...#
#.# #...................


You could see Blork the orc, a killer bee and an adder skeleton.

Vanquished Creatures
  Edmund (D:4)
  An ogre (D:4)
  A kobold brigand (D:4)
  A wyvern zombie (D:3)
  A scorpion (D:4)
  A bullfrog zombie (D:3)
  A bullfrog skeleton (D:3)
  The ghost of DocClef the Covert, a weakling GnDe (D:3)
  A hound skeleton (D:4)
  A river rat (D:3)
  3 adders
  An adder skeleton (D:4)
  4 worms
  6 orcs
  4 bats
  8 endoplasms
  4 giant cockroaches
  2 goblins
  10 hobgoblins
  7 jackals
  10 quokkas
  10 ball pythons
  2 frilled lizards (D:1)
  2 kobolds
  4 rats
87 creatures vanquished.

Notes
Turn   | Place    | Note
-------+----------+-------------------------------------------
     0 | D:1      | Demosthentine the Merfolk Gladiator began the quest for the
                  | Orb.
     0 | D:1      | Reached XP level 1. HP: 16/16 MP: 1/1
    56 | D:1      | Reached XP level 2. HP: 8/23 MP: 2/2
   784 | D:1      | Reached XP level 3. HP: 19/28 MP: 3/3
  1484 | D:2      | Reached skill level 5 in Polearms
  1901 | D:2      | Reached skill level 1 in Armour
  2174 | D:2      | Found a faded altar of an unknown god.
  2539 | D:3      | Reached XP level 4. HP: 35/35 MP: 4/4
  2544 | D:3      | Found a transporter.
  2544 | D:3      | Noticed DocClef's ghost (weakling GnDe)
  2591 | D:3      | Found a transporter.
  4004 | D:3      | Killed DocClef's ghost
  4005 | D:3      | Reached skill level 5 in Dodging
  4005 | D:3      | Reached XP level 5. HP: 31/41 MP: 5/5
  4018 | D:3      | Reached skill level 6 in Polearms
  4023 | D:3      | Reached XP level 6. HP: 12/48 MP: 6/6
  4665 | D:4      | Noticed Edmund
  4694 | D:4      | Killed Edmund
  4695 | D:4      | Reached skill level 7 in Polearms
  4695 | D:4      | Reached XP level 7. HP: 37/55 MP: 7/7
  5061 | D:4      | Noticed Blork the orc
  5078 | D:4      | Slain by a killer bee

Illustrated notes

Levels and vault maps discovered:
D:1:      lightli_iron_boxes, layout_basic, minmay_crystal_water,
          hangedman_decor_lopped, minmay_misc_feat_columns
D:2:      layout_loops_ring, chequers_ecumenical_altar_simple_redux,
          grunt_ministairs_13, minmay_tetromino_s2
D:3:      layout_basic, gup_sewer_entry_bubbles, gammafunk_ghost_mausoleum,
          kennysheep_small_spiral
D:4:      cheibrodos_old_hovel, layout_loops_ring, grunt_temple_overflow_open,
          uniq_eustachio, uniq_blork_the_orc, uniq_edmund

Skill      XL: |  1  2  3  4  5  6 |
---------------+-------------------+-----
Polearms       | 5 6 7 |  7.1
Armour         | 1 2 |  2.6
Fighting       | 3 4 |  4.7
Dodging        | 5 6 |  6.4
Throwing       | |  2.0

Action                   |  1- 3 |  4- 6 |  7- 9 || total
-------------------------+-------+-------+-------++-------
Melee: Trident           |   137 |   165 |    39 ||   341
Throw: Throwing net      |       |     4 |       ||     4
  Use: Scroll            |     4 |     2 |       ||     6
       Potion            |       |     3 |       ||     3
 Stab: Sleeping          |     3 |     5 |     1 ||     9
       Held in net/web   |       |     1 |       ||     1
Armor: Leather armour    |    25 |    32 |     6 ||    63
Dodge: Dodged            |    85 |    82 |    24 ||   191

Table legend: (Time is in decaauts)
 A = Elapsed time spent in this place.
 B = Non-inter-level travel time spent in this place.
 C = Inter-level travel time spent in this place.
 D = Time resting spent in this place.
 E = Time spent auto-exploring this place.
 F = Levels seen in this place.
 G = Mean time per level.
                   A        B        C        D        E       F      G
               +--------+--------+--------+--------+--------+-----+--------+
         Total |   5059 |   4906 |    153 |    206 |   3789 |   4 | 1264.8 |
       Dungeon |   5059 |   4906 |    153 |    206 |   3789 |   4 | 1264.8 |
               +--------+--------+--------+--------+--------+-----+--------+

Top non-repeatable levels by time:
     D:3: 1817 daAuts
     D:1: 1465 daAuts
     D:2: 968 daAuts
     D:4: 808 daAuts
